 Dungeon Crawl Stone Soup version 0.21.0-37-g46506fa (webtiles) character file.

2387 garbagetei the Arsonist (level 9, 0/47 HPs)
             Began as a Deep Elf Fire Elementalist on Jan 31, 2018.
             Was an Initiate of Vehumet.
             Slain by an orc warrior
             ... wielding a +0 trident
              (19 damage)
             ... on level 8 of the Dungeon.
             The game lasted 00:27:32 (8742 turns).

garbagetei the Arsonist (DEFE)                      Turns: 8742, Time: 00:27:33

Health: 0/47       AC:  4    Str:  5    XL:     9   Next: 22%
Magic:  15/23      EV: 17    Int: 24    God:    Vehumet [......]
Gold:   307        SH:  0    Dex: 15    Spells: 11/24 levels left

rFire    . . .     SeeInvis .   P - +2 scimitar (holy)
rCold    . . .     Gourm    .   (no shield)
rNeg     . . .     Faith    .   a - +0 robe
rPois    +         Spirit   .   B - +0 helmet
rElec    .         Reflect  .   O - scarf {cloud immunity}
rCorr    .         Harm     .   (no gloves)
MR       .....                  d - +0 pair of boots
Stlth    ++........             (no amulet)
HPRegen  0.15/turn              k - +4 ring of evasion
MPRegen  0.18/turn              t - ring of poison resistance

@: no status effects
A: no striking features
a: Renounce Religion


You were on level 8 of the Dungeon.
You worshipped Vehumet.
Vehumet was noncommittal.
You were hungry.

You visited 2 branches of the dungeon, and saw 9 of its levels.

You collected 307 gold pieces.

Inventory:

Hand Weapons
 l - a +0 hunting sling
 A - a +0 hunting sling
 P - a +2 scimitar of holy wrath (weapon)
Missiles
 e - 60 poisoned needles
 m - 149 stones (quivered)
Armour
 a - a +0 robe (worn)
 d - a +0 pair of boots (worn)
 y - a scarf of cloud immunity
 B - a +0 helmet (worn)
 I - a +0 cloak
 O - a scarf of cloud immunity (worn)
Magical Staves
 G - an uncursed staff of air
Jewellery
 k - a +4 ring of evasion (left hand)
 p - an uncursed ring of wizardry
 t - a ring of poison resistance (right hand)
 E - an uncursed ring of magical power
Wands
 K - a wand of acid (9)
Scrolls
 q - a scroll of enchant weapon
 r - 2 scrolls of remove curse
 v - a scroll of blinking {unknown}
 w - 2 scrolls of magic mapping {unknown}
 x - a scroll of random uselessness {unknown}
 z - 2 scrolls of enchant armour {unknown}
 D - 2 scrolls of immolation {unknown}
 H - a scroll of amnesia {unknown}
 L - a scroll of identify
 M - 3 scrolls of teleportation {unknown}
Potions
 f - 3 potions of ambrosia
 g - a potion of haste
 h - a potion of invisibility {unknown}
 i - a potion of lignification {unknown}
 j - 5 potions of curing
 n - a potion of might {unknown}
 o - a potion of mutation {unknown}
 s - 2 potions of heal wounds {unknown}
 u - 2 potions of cancellation {unknown}
 C - a potion of degeneration {unknown}
 F - a potion of brilliance {unknown}
 J - a potion of berserk rage {unknown}
 N - a potion of agility {unknown}
Books
 b - a book of Flames

   Spells                             Type                      Level
   a - Flame Tongue                   Conjuration/Fire             1
   b - Throw Flame                    Conjuration/Fire             2
   c - Conjure Flame                  Conjuration/Fire             3
   d - Inner Flame                    Hexes/Fire                   3
   e - Sticky Flame                   Conjuration/Fire             4
   f - Fireball                       Conjuration/Fire             5
Comestibles
 c - 10 rations
 Q - a chunk of flesh


   Skills:
 - Level 1.0 Fighting
 + Level 1.8 Long Blades
   Level 1.8 Maces & Flails
 - Level 2.4 Dodging
 - Level 2.4 Stealth
 + Level 8.2 Spellcasting
 + Level 6.3 Conjurations
 * Level 9.7 Fire Magic


You had 11 spell levels left.
You knew the following spells:

 Your Spells              Type           Power        Failure   Level  Hunger
a - Flame Tongue          Conj/Fire      #####        1%          1    None
b - Conjure Flame         Conj/Fire      #####...     1%          3    None
c - Sticky Flame          Conj/Fire      #####...     2%          4    ##.....
d - Fireball              Conj/Fire      #####.....   6%          5    #####..


Dungeon Overview and Level Annotations

Branches:
Dungeon (8/15)             Temple (1/1) D:5
   Lair: D:8-11

Altars:
Cheibriados
Dithmenos
Elyvilon
Fedhas
Gozag
Hepliaklqana
Kikubaaqudgha
Makhleb
Nemelex Xobeh
Okawaru
Sif Muna
Uskayaw
Vehumet
Wu Jian
Xom
The Shining One


Message History

Aiming: Sticky Flame
Press: ? - help, Shift-Dir - straight line, f - orc warrior
Aim: an orc warrior, wielding a trident and wearing a chain mail The sticky flame hits the orc warrior.
The orc warrior is moderately wounded.
The orc warrior is covered in liquid flames!
The orc warrior burns!
Casting: Sticky Flame
Confirm with . or Enter, or press ? or * to list all spells.
Aiming: Sticky Flame
Press: ? - help, Shift-Dir - straight line, f/p - orc warrior
Aim: an orc warrior, wielding a trident and wearing a chain mail (heavily wounded, covered in liquid flames)
The sticky flame hits the orc warrior.
The orc warrior is severely wounded.
The orc warrior burns!
The orc warrior hits you with a trident!
Something hits you.
The orc warrior burns!
Something hits you.
The orc warrior hits you with a trident!!
You die...

## .#### .... #### ##
.#..# .....
...(.#.##.#..#+### #...
.....#....#......# #..#
#......o@.#......# #..#
........###......####..#
.......................##
....(.....o..............
...#.#...................
........####.########.#.#
...#.#... .......$....<..
...#.#......^###.......#o
.. # #.......# #.......#o


You could see an orc warrior (burning).

Vanquished Creatures
  Sigmund (D:6)
  A water moccasin (D:7)
  An orc warrior (D:6)
  A sky beast (D:6)
  2 phantoms
  2 ogres
  3 centaurs
  4 bullfrogs
  3 scorpions
  5 killer bees
  5 crimson imps
  3 hounds
  Crazy Yiuf (D:5)
  2 orc priests (D:6)
  A bullfrog skeleton (D:4)
  Natasha (D:3)
  5 worker ants
  A killer bee zombie (D:5)
  3 hound skeletons
  6 adders
  A gnoll (D:1)
  An ooze (D:4)
  5 worms
  2 dart slugs
  2 leopard geckos
  12 orcs
  2 ball pythons (D:3)
  6 giant cockroaches
  9 goblins
  9 hobgoblins
  11 jackals
  A quokka (D:8)
  5 bats
  2 frilled lizards
  4 kobolds
  A quokka skeleton (D:5)
  4 rats
128 creatures vanquished.

Notes
Turn   | Place    | Note
-------+----------+-------------------------------------------
     0 | D:1      | garbagetei the Deep Elf Fire Elementalist began the quest for the Orb.
     0 | D:1      | Reached XP level 1. HP: 10/10 MP: 6/6
   387 | D:1      | Reached skill level 4 in Fire Magic
   387 | D:1      | Reached XP level 2. HP: 15/15 MP: 4/8
   945 | D:1      | Reached XP level 3. HP: 19/19 MP: 7/9
   950 | D:1      | Learned a level 3 spell: Conjure Flame
  1540 | D:1      | Reached skill level 5 in Fire Magic
  1801 | D:2      | Reached XP level 4. HP: 24/24 MP: 8/11
  1811 | D:2      | Learned a level 4 spell: Sticky Flame
  2613 | D:3      | Noticed Sigmund
  2620 | D:3      | Found a shadowy altar of Dithmenos.
  2735 | D:4      | Reached XP level 5. HP: 15/28 MP: 4/13
  2931 | D:4      | Noticed an ogre
  3135 | D:4      | Noticed a phantom
  3504 | D:4      | Reached XP level 6. HP: 17/32 MP: 2/14
  4068 | D:3      | Reached skill level 6 in Fire Magic
  4267 | D:3      | Noticed Natasha
  4505 | D:5      | Entered Level 5 of the Dungeon
  4669 | D:5      | Found a shimmering altar of Xom.
  4682 | D:5      | Reached skill level 1 in Maces & Flails
  4708 | D:5      | Reached skill level 5 in Spellcasting
  4806 | D:5      | Found a staircase to the Ecumenical Temple.
  5036 | D:5      | Reached XP level 7. HP: 37/37 MP: 15/17
  5268 | D:5      | Found a runed door.
  5561 | D:5      | Noticed Crazy Yiuf
  5566 | D:5      | Killed Crazy Yiuf
  5654 | D:4      | Reached skill level 7 in Fire Magic
  5722 | D:4      | Learned a level 5 spell: Fireball
  6101 | D:3      | Killed Natasha
  6741 | D:6      | Reached XP level 8. HP: 39/42 MP: 12/19
  6851 | D:6      | Killed Sigmund
  6851 | D:6      | Reached skill level 1 in Fighting
  6851 | D:6      | Reached skill level 8 in Fire Magic
  6965 | D:6      | Reached skill level 5 in Conjurations
  7442 | D:7      | Reached skill level 9 in Fire Magic
  7726 | D:6      | Reached skill level 1 in Long Blades
  7726 | D:6      | Reached XP level 9. HP: 39/47 MP: 11/22
  7804 | D:7      | Found a glowing golden altar of the Shining One.
  8324 | D:7      | Found a burning altar of Makhleb.
  8327 | D:7      | Found a hazy altar of Hepliaklqana.
  8327 | D:7      | Found an iron altar of Okawaru.
  8482 | Temple   | Entered the Ecumenical Temple
  8609 | Temple   | Became a worshipper of Vehumet
  8742 | D:8      | Slain by an orc warrior

Skill      XL: |  1  2  3  4  5  6  7  8  9 |
---------------+----------------------------+-----
Fire Magic     | 4 5 6 7 9 |  9.7
Spellcasting   | 4 5 6 7 8 |  8.2
Conjurations   | 2 3 4 6 |  6.3
Maces & Flails | 1 |  1.8
Fighting       | 1 |  1.0
Long Blades    | 1 |  1.8
Dodging        | |  2.4
Stealth        | |  2.4

Action                   |  1- 3 |  4- 6 |  7- 9 || total
-------------------------+-------+-------+-------++-------
Melee: Whip              |    11 |    54 |    26 ||    91
       Scimitar          |       |       |    36 ||    36
 Cast: Flame Tongue      |    42 |    99 |    75 ||   216
       Conjure Flame     |       |     5 |     5 ||    10
       Sticky Flame      |       |     2 |    24 ||    26
  Use: Scroll            |       |     3 |     3 ||     6
 Stab: Sleeping          |       |     2 |       ||     2
  Eat: Chunk             |     2 |     6 |    11 ||    19
       Ration            |       |     1 |     1 ||     2
Armor: Robe              |     5 |    10 |    21 ||    36
Dodge: Dodged            |    37 |    73 |   120 ||   230
       Rpst.: Scimitar   |       |       |    18 ||    18
